 Dungeon Crawl Stone Soup version 0.28.0-49-g6dfe1f597d (webtiles) character file.

Game seed: 17125439541350249520

67 Zeld the Chopper (level 4, -3/61 HPs)
             Began as a Minotaur Berserker on May 11, 2022.
             Was a Follower of Trog.
             Slain by Pargi (4 damage)
             ... in a sewer.
             The game lasted 00:02:59 (2614 turns).

Zeld the Chopper (Minotaur Berserker)               Turns: 2614, Time: 00:03:00

Health: -3/61      AC:  2    Str: 23    XL:     4   Next: 0%
Magic:  3/3        EV: 12    Int:  4    God:    Trog [*.....]
Gold:   75         SH:  0    Dex: 10    Spells: 3/3 levels left

rFire   . . .      SeeInvis .   a - +0 hand axe
rCold   . . .      Faith    .   (no shield)
rNeg    . . .      Spirit   .   b - +0 animal skin
rPois   .          Reflect  .   (helmet restricted)
rElec   .          Harm     .   (no cloak)
rCorr   .          Rampage  .   (no gloves)
Will    .....                   (no boots)
Stlth   ..........              (no amulet)
HPRegen 0.20/turn               (no ring)
MPRegen 0.08/turn               (no ring)

@: berserking, very quick
A: horns 2, retaliatory headbutt
a: Renounce Religion, Berserk


You were in a sewer.
You worshipped Trog.
Trog was aware of your devotion.
You visited 1 branch of the dungeon, and saw 3 of its levels.
You also visited: Sewer.

You collected 75 gold pieces.

Inventory:

Hand Weapons
 a - a +0 hand axe (weapon)
Armour
 b - a +0 animal skin (worn)
Jewellery
 d - a +6 ring of intelligence
Wands
 m - a wand of charming (12)
Scrolls
 f - 5 scrolls of identify {unknown}
 g - 2 scrolls of torment {unknown}
 i - a scroll of teleportation {unknown}
 k - a scroll of enchant armour {unknown}
 n - a scroll of magic mapping {unknown}
Potions
 c - 2 potions of haste {unknown}
 e - 2 potions of mutation {unknown}
 h - 3 potions of curing {unknown}
 j - a potion of attraction {unknown}
 l - a potion of ambrosia {unknown}


   Skills:
 * Level 4.4 Fighting
 * Level 4.6 Axes
 + Level 3.0 Armour
 + Level 2.7 Dodging


You had 3 spell levels left.
You didn't know any spells.
Your spell library was empty.

Dungeon Overview and Level Annotations

Branches:
Dungeon (3/15)              Sewer (1/1)

Altars:
Cheibriados

Annotations:
Sewer Pargi


Innate Abilities, Weirdness & Mutations

You have a pair of horns on your head.
You reflexively headbutt those who attack you in melee.


Message History

* * * LOW HITPOINT WARNING * * *
Pargi closely misses you. Pargi claws you but does no damage.
Pargi pleads, "Don't hit me!"
Pargi bites you.
* * * LOW HITPOINT WARNING * * *
Pargi closely misses you. x2
You enter the shallow water.
Moving in this stuff is going to be slow.
Pargi barely misses you. Pargi claws you but does no damage.
Pargi closely misses you.
There is an empty arch of ancient stone here.
You enter the shallow water.
Moving in this stuff is going to be slow.
You feel the effects of Trog's Hand fading.
Pargi bites you.
* * * LOW HITPOINT WARNING * * *
Pargi claws you.
* * * LOW HITPOINT WARNING * * *
Pargi misses you.
Press: ? - help, v - describe, . - travel
Here: Pargi (heavily wounded)
An empty arch of ancient stone.
Your skin stops crawling.
You feel less strong-willed.
A red film seems to cover your vision as you go berserk!
You feel yourself moving faster!
You feel mighty!
You can no longer call upon Trog for regeneration and willpower.
Pargi bites you.
* * * LOW HITPOINT WARNING * * *
Pargi claws you.
* * * LOW HITPOINT WARNING * * *
Pargi completely misses you.
You barely miss Pargi.
Pargi is lightly wounded.
Unknown command.
You barely miss Pargi.
Pargi is lightly wounded.
Pargi bites you.
* * * LOW HITPOINT WARNING * * *
Pargi claws you.
You die...

#∩....∩..'..#
####.≈≈≈.####
#.≈≈≈.####
+.≈≈≈.'..#
#.≈≈≈.####
#.≈≈≈.####
+.≈≈≈.'..#
#T≈≈≈.####
#@≈≈≈.#
+.≈≈≈.'.(#
##########
#≈≈≈# #≈≈≈#
#≈≈≈# #≈≈≈#
#≈≈≈#


You could see Pargi.

Vanquished Creatures
  2 adders
  A dart slug (D:3)
  5 orcs (D:3)
  2 ball pythons (D:1)
  4 bats
  5 endoplasms
  A giant cockroach (D:3)
  2 goblins
  A hobgoblin (D:3)
  4 jackals (D:1)
  3 quokkas
  2 frilled lizards
  3 kobolds
  4 rats
39 creatures vanquished.

Notes
Turn   | Place    | Note
-------+----------+-------------------------------------------
     0 | D:1      | Zeld the Minotaur Berserker began the quest for the Orb.
     0 | D:1      | Reached XP level 1. HP: 19/19 MP: 0/0
   310 | D:1      | Reached XP level 2. HP: 21/27 MP: 1/1
  1271 | D:2      | Reached XP level 3. HP: 14/33 MP: 2/2
  1781 | D:2      | Found a faded altar of an unknown god.
  2331 | D:3      | Found a snail-covered altar of Cheibriados.
  2353 | D:3      | Reached ** piety under Trog
  2401 | D:3      | Found a glowing drain.
  2405 | Sewer    | Entered a sewer
  2548 | Sewer    | Reached XP level 4. HP: 41/41 MP: 3/3
  2583 | Sewer    | Noticed Pargi
  2612 | Sewer    | HP: 3/61 [Pargi (3)]
  2614 | Sewer    | HP: 1/61 [Pargi (3)]
  2614 | Sewer    | Slain by Pargi

Illustrated notes

Levels and vault maps discovered:
D:1:      denvon_arrival_planthouse, layout_basic, nrook_mini_vaults
D:2:      layout_basic, ebering_ecumenical_altar_hall
D:3:      layout_loops_corners, mainiacjoe_overflow_six_doors_small,
          gup_sewer_entry_bowl, hex_large, lemuel_old_faithful
Sewer:    kennysheep_door_sewer

Skill      XL: |  1  2  3 |
---------------+----------+-----
Fighting       | 4 |  4.4
Axes           | 4 |  4.6
Armour         | 3 |  3.0
Dodging        | |  2.7

Action                   |  1- 3 |  4- 6 || total
-------------------------+-------+-------++-------
Melee: Hand axe          |    88 |    12 ||   100
       Headbutt          |    12 |     1 ||    13
Invok: Berserk           |       |     1 ||     1
       Trog's Hand       |       |     1 ||     1
Armor: Animal skin       |    11 |     4 ||    15
Dodge: Dodged            |    65 |    26 ||    91
